 Dungeon Crawl Stone Soup version 0.17.1-1-g73c8601 (webtiles) character file.

248 Implojin the Basher (level 5, -2/45 HPs)
             Began as a Minotaur Berserker on Apr 9, 2016.
             Was a Follower of Trog.
             Succumbed to a gnoll's poison
             ... on level 6 of the Dungeon.
             The game lasted 00:04:12 (629 turns).

Implojin the Basher (Minotaur Berserker)             Turns: 629, Time: 00:04:12

Health: -2/45      AC: 13    Str: 22    XL:     5   Next: 86%
Magic:  4/4        EV:  8    Int:  4    God:    Trog [*.....]
Gold:   17         SH:  0    Dex: 10    Spells: 0 memorised, 4 levels left

rFire  . . .     SeeInvis .     a - +0 mace
rCold  . . .     Clarity  .     f - +0 chain mail
rNeg   . . .     SustAt   .     (no shield)
rPois  .         Gourm    .     (helmet restricted)
rElec  .         Spirit   .     e - +0 cloak
rCorr  .         Warding  .     h - +2 pair of gloves
rMut   .         Stasis   .     (no boots)
MR     .....                    (no amulet)
Stlth  ..........               (no ring)
                                (no ring)

@: lethally poisoned (-2 -> -41), not resistant to hostile enchantments,
extremely unstealthy
A: retaliatory headbutt, horns 2
a: Berserk, Burn Spellbooks, Renounce Religion


You were on level 6 of the Dungeon.
You worshipped Trog.
Trog was aware of your devotion.
You were not hungry.

You visited 1 branch of the dungeon, and saw 6 of its levels.

You collected 17 gold pieces.

Inventory:

Hand Weapons
 a - a +0 mace (weapon)
Armour
 e - a +0 cloak (worn)
 f - a +0 chain mail (worn)
 h - a +2 pair of gloves (worn)
 i - a +0 ring mail
Scrolls
 b - a scroll of identify
 j - a scroll of recharging
 l - a scroll of fog {unknown}
 o - a scroll of noise {unknown}
 p - 2 scrolls of remove curse {unknown}
 s - a scroll of silence {unknown}
Comestibles
 c - 3 bread rations
 m - 4 fruits
 n - 2 chunks of flesh
 q - a meat ration
 r - a slice of pizza
 t - a beef jerky


   Skills:
 - Level 3.6 Fighting
 * Level 8.0 Maces & Flails
 - Level 2.4 Armour
 - Level 2.1 Dodging


You had 4 spell levels left.
You didn't know any spells.

Dungeon Overview and Level Annotations

Branches:
Dungeon (6/15)             Temple (0/1) D:5

Altars:
Qazlal


Innate Abilities, Weirdness & Mutations

You reflexively headbutt those who attack you in melee.
You have a pair of horns on your head.


Message History

Drink which item? (? for menu, Esc to quit)
It was a potion of cancellation.
Your magical effects are unravelling.
You feel magically purged.
You feel a little less clever now.
* * * LOW HITPOINT WARNING * * *
You feel very sick. The gnoll closely misses you.
The gnoll hits you but does no damage.
The gnoll hits you from afar with a spear of venom.
* * * LOW HITPOINT WARNING * * *
You are more poisoned.
Unknown command.
Okay, then.
Read which item? (? for menu, Esc to quit)
As you read the scroll labeled FESMIU HOLACK, it crumbles to dust.
It is a scroll of identify.
Identify which item? (\ to view known items) (? for menu, Esc to quit)
j - a scroll of recharging
* * * LOW HITPOINT WARNING * * *
You feel very sick. The gnoll barely misses you.
The gnoll hits you but does no damage.
Read which item? (? for menu, Esc to quit)
As you read the scroll labeled MINOF MEPAXU, it crumbles to dust.
It is a scroll of enchant armour.
Enchant which item? (? for menu, Esc to quit)
Your +1 pair of gloves glows green for a moment.
* * * LOW HITPOINT WARNING * * *
You feel very sick. The gnoll closely misses you. The gnoll barely misses you.
The gnoll shaman hits you but does no damage.
The gnoll hits you but does no damage.
You aren't carrying any potions.
Read which item? (? for menu, Esc to quit)
Okay, then.
Read which item? (? for menu, Esc to quit)
As you read the scroll labeled MIMEENEKHUL, it crumbles to dust.
You assume a fearsome visage.
The gnoll shaman looks frightened!
The gnoll looks frightened! x4
It was a scroll of fear.
You die...

#...#.............# #
##..........###.### #
##########..........##.#####
......#...................##
#...##.#......#.......##
######...##....######<.....##
.....##>......####.##......##
....................#......##
..........##@#.............##
......#.)..#g####..........##
......#....ggg####.##......##
............g..#### #........
.......#.........# #......#.
......##..#...##..# ##..##...
.........$##)## #......##....
#..###......# #####. #..#.
#.. #.....).# ##..##...


You could see a gnoll shaman (fleeing) and 4 gnolls.

Vanquished Creatures
  A phantom (D:5)
  A jelly (D:5)
  2 orc wizards (D:5)
  A hound (D:5)
  A gnoll (D:6)
  An adder (D:5)
  A shadow imp (D:5)
  A worm (D:5)
  An orc (D:5)
  2 giant cockroaches
  3 hobgoblins
  A quokka (D:4)
  2 bats
  A giant gecko (D:2)
  A kobold (D:3)
20 creatures vanquished.

Notes
Turn   | Place    | Note
--------------------------------------------------------------
     0 | D:1      | Implojin the Minotaur Berserker began the quest for the Orb.
     0 | D:1      | Reached XP level 1. HP: 19/19 MP: 0/0
    53 | D:1      | You fall through a shaft!
   101 | D:2      | Reached skill level 4 in Maces & Flails
   227 | D:3      | Reached XP level 2. HP: 24/26 MP: 1/1
   269 | D:4      | Found a stormy altar of Qazlal.
   283 | D:5      | Entered Level 5 of the Dungeon
   361 | D:5      | Reached skill level 5 in Maces & Flails
   361 | D:5      | Reached XP level 3. HP: 15/31 MP: 2/2
   372 | D:5      | Found a staircase to the Ecumenical Temple.
   448 | D:5      | Noticed a phantom
   454 | D:5      | Killed a phantom
   454 | D:5      | Reached skill level 6 in Maces & Flails
   454 | D:5      | Reached XP level 4. HP: 21/39 MP: 3/3
   455 | D:5      | Reached skill level 7 in Maces & Flails
   455 | D:5      | Reached XP level 5. HP: 24/45 MP: 4/4
   615 | D:6      | Reached skill level 8 in Maces & Flails
   628 | D:6      | HP: 2/45 [poisoned by a gnoll]
   629 | D:6      | Succumbed to a gnoll's poison

Action                   |  1- 3 |  4- 6 || total
-------------------------+-------+-------++-------
Melee: Mace              |    32 |    15 ||    47
Invok: Berserk           |     2 |       ||     2
  Use: Scroll            |       |     3 ||     3
       Potion            |       |     2 ||     2
  Eat: Chunk             |       |     1 ||     1

Table legend:
 A = Turns spent in this place as a percentage of turns spent in the entire game.
 B = Non-inter-level travel turns spent in this place as a percentage of non-inter-level travel turns spent in the entire game.
 C = Inter-level travel turns spent in this place as a percentage of turns spent in this place.
 D = Turns resting spent in this place as a percentage of non-inter-level travel turns spent in this place.
 E = Turns spent auto-exploring this place as a percentage of non-inter-level travel turns spent in this place.
 F = Non-inter-level travel turns spent in this place divided by the number of levels of this place that you've seen.
                   A       B       C       D       E      F
               +-------+-------+-------+-------+-------+----------------------
         Total | 100.0 | 100.0 |   0.0 |   0.8 |   0.0 | 101.3
       Dungeon | 100.0 | 100.0 |   0.0 |   0.8 |   0.0 | 101.3
               +-------+-------+-------+-------+-------+----------------------

Table legend:
 A = Kills in this place as a percentage of kills in entire the game.
 B = Kills by you in this place as a percentage of kills by you in the entire game.
 C = Kills by friends in this place as a percentage of kills by friends in the entire game.
 D = Other kills in this place as a percentage of other kills in the entire game.
 E = Experience gained in this place as a percentage of experience gained in the entire game.
 F = Experience gained in this place divided by the number of levels of this place that you have seen.
                   A       B       C       D       E      F
               +-------+-------+-------+-------+-------+----------------------
         Total | 100.0 | 100.0 |  -nan |  -nan | 100.0 |  59.2
       Dungeon | 100.0 | 100.0 |  -nan |  -nan | 100.0 |  59.2
               +-------+-------+-------+-------+-------+----------------------
